Map: Para Site LE

Players

MorphedZerg - Winner!

  • Race: Zerg Zerg
  • Spawn Location: 11:00

VOD

Have the link to the VOD?

Description

Time

  • Played on: Oct. 11, 2018, 10:45 a.m.
  • Length: 12:41
Show
View Real Time Build Order
Export as new Build Order

MorphedZerg Zerg - Winner!

Build Orders:  

Get SALT Encoding   

  12  0:03  Drone  
  13  0:22  Overlord  
  13  0:28  Drone  
  14  0:36  Extractor  
  14  0:37  Drone  
  15  0:50  Drone  
  16  1:14  Hatchery  
  15  1:30  Extractor  
  15  1:35  Spawning Pool  
  15  1:37  Drone  
  14  1:45  Drone  
  15  1:53  Overlord  
  15  1:59  Drone  
  16  2:18  Drone  
  17  2:41  Zergling x4  
  17  2:49  Queen  
  21  2:55  Queen  
  21  2:58  Drone  
  24  3:01  Drone  
  25  3:24  Overlord  
  25  3:35  Drone  
  25  3:36  Drone  
  25  3:39  Drone  
  28  3:42  Drone  
  29  4:03  Metabolic Boost  
  29  4:15  Zergling x2  
  29  4:16  Zergling x2  
  31  4:21  Drone  
  31  4:22  Drone  
  31  4:23  Drone  
  31  4:29  Lair  
  34  4:40  Drone  
  34  4:41  Drone x3  
  34  4:42  Drone  
  39  4:55  Queen  
  39  4:58  Overlord  
  39  4:59  Overlord  
  41  5:43  Drone x2  
  43  6:04  Evolution Chamber  
  42  6:17  Hydralisk Den  
  42  6:18  Queen  
  43  6:27  Hatchery  
  42  6:49  Drone x2  
  44  6:50  Drone x2  
  44  6:57  Hatchery  
  44  6:58  Extractor  
  44  7:03  Extractor  
  43  7:10  Extractor  
  42  7:22  Zerg Missile Weapons Level 1  
  42  7:32  Evolution Chamber  
  41  7:44  Hydralisk x2  
  45  8:08  Hydralisk x2  
  49  8:33  Drone  
  49  8:34  Drone x4  
  54  8:41  Overlord x2  
  54  8:46  Drone  
  54  8:47  Queen  
  57  9:09  Hydralisk x2  
  61  9:10  Hydralisk x5  
  61  9:11  Hydralisk  
  73  9:20  Unknown  
  73  9:31  Hydralisk x3  
  73  9:35  Overlord  
  73  9:36  Overlord x3  
  79  10:03  Drone  
  79  10:04  Drone  
  79  10:09  Drone x2  
  83  10:10  Drone x2  
  75  10:54  Hydralisk x5  
  75  10:55  Hydralisk x2  
  89  11:00  Overlord x3  
  89  11:20  Hydralisk  
  89  11:21  Hydralisk x3  
  89  11:22  Hydralisk x2  
  89  11:24  Hydralisk x4  
Tags
 
Add a new tag
Caveats
  • Supply blocks, unpowered buildings, or Contaminate may cause inaccurate times.
  • Supply counts are checked every 10 seconds.